 Dungeon Crawl Stone Soup version 0.27.1-33-g824d729ab1 (webtiles) character file.

Game seed: 13369342217493813601

105 bpung the Skirmisher (level 4, 0/29 HPs)
             Began as a Gargoyle Fighter on Dec 1, 2021.
             Slain by a hobgoblin (2 damage)
             ... led by Robin
             ... on level 3 of the Dungeon.
             The game lasted 00:03:11 (2742 turns).

bpung the Skirmisher (Gargoyle Fighter)             Turns: 2742, Time: 00:03:12

Health: 0/29       AC: 15    Str: 20    XL:     4   Next: 83%
Magic:  4/4        EV:  3    Int:  9    God:
Gold:   58         SH:  9    Dex:  9    Spells: 3/3 levels left

rFire    . . .     SeeInvis .   a - +0 flail
rCold    . . .     Faith    .   c - +0 kite shield
rNeg     + . .     Spirit   .   h - +0 plate armour
rPois    ∞         Reflect  .   (no helmet)
rElec    +         Harm     .   (no cloak)
rCorr    .         Rampage  .   (no gloves)
Will     .....                  (no boots)
Stlth    ..........             (no amulet)
HPRegen  0.09/turn              (no ring)
MPRegen  0.09/turn              (no ring)

@: no status effects
A: sickness immunity, AC +3, negative energy resistance 1, electricity
resistance, torment resistance 1, petrification resistance
a: no special abilities


You were on level 3 of the Dungeon.
You visited 1 branch of the dungeon, and saw 3 of its levels.

You collected 58 gold pieces.

Inventory:

Hand Weapons
 a - a +0 flail (weapon)
Missiles
 k - 6 atropa-tipped darts (quivered)
Armour
 c - a +0 kite shield (worn)
 h - a +0 plate armour (worn)
Scrolls
 e - 4 scrolls of identify {unknown}
 f - a scroll of amnesia {unknown}
 i - a scroll of blinking {unknown}
 j - a scroll of noise {unknown}
Potions
 b - a potion of haste {unknown}
 d - a potion of might
 g - a potion of heal wounds {unknown}
 l - a potion of curing {unknown}


   Skills:
 + Level 4.1 Fighting
 + Level 2.9 Maces & Flails
 + Level 4.1 Armour
 + Level 4.1 Shields


You had 3 spell levels left.
You didn't know any spells.
Your spell library was empty.

Dungeon Overview and Level Annotations

Branches:
Dungeon (3/15)

Altars:
Elyvilon
Ru

Annotations:
D:3 Robin


Innate Abilities, Weirdness & Mutations

You are immune to sickness and miasma.
Your stone body is resilient. (AC +3)
You are immune to poison.
You resist negative energy. (rN+)
You are resistant to electric shocks. (rElec)
You are resistant to unholy torment.
You are immune to petrification.


Message History

The goblins go into a battle-frenzy!
The hobgoblin hits you but does no damage.
You block the goblin's attack. The goblin hits you but does no damage.
You block the hobgoblin's attack.
The hobgoblin hits you but does no damage.
You miss the goblin. The goblin hits you with a +0 club.
You block the goblin's attack.
The hobgoblin hits you but does no damage.
The hobgoblin barely misses you. You block the goblin's attack.
You closely miss the goblin. The goblin hits you but does no damage.
The hobgoblin hits you.
The hobgoblin hits you but does no damage.
The goblin hits you with a +0 club. You block the goblin's attack.
You block the hobgoblin's attack.
Unknown command.
You miss the goblin.
The hobgoblin hits you but does no damage.
The goblin hits you with a +0 club. The goblin hits you but does no damage.
The hobgoblin hits you but does no damage.
The hobgoblin hits you. The goblin hits you but does no damage.
Unknown command.
You hit the goblin.
The goblin is severely wounded.
The hobgoblin no longer looks unusually strong.
The goblin hits you but does no damage.
The hobgoblin hits you but does no damage. x2
The goblin hits you with a +0 club.
* * * LOW HITPOINT WARNING * * *
The goblin hits you with a +0 club.
* * * LOW HITPOINT WARNING * * *
The hobgoblin hits you but does no damage.
You hit the goblin.
You kill the goblin!
The hobgoblin no longer looks unusually strong.
Robin roars a battlecry!
The hobgoblins go into a battle-frenzy!
The hobgoblin hits you.
* * * LOW HITPOINT WARNING * * *
You block the goblin's attack. The hobgoblin hits you.
You die...

#..≈≈≈≈≈...#.#
#.##
#...≈≈≈....#.#
...#.##
##........##.##
.......
##.......##..###
....###
###.##.####.[.#
...
#.##.######.####
...
#..............#
###########g)#.>#
### ##@##...# #..
#gg# #... #.#
##g# ## B# gg g..
..?. ..$.. ##....


You could see Robin, a giant cockroach, 2 hobgoblins and 4 goblins.

Vanquished Creatures
  3 adders
  A white imp (D:3)
  4 worms
  7 endoplasms
  A giant cockroach (D:1)
  8 goblins
  6 hobgoblins
  4 jackals (D:2)
  6 kobolds
  A quokka (D:1)
  4 ball pythons
  4 bats
  5 rats
54 creatures vanquished.

Notes
Turn   | Place    | Note
-------+----------+-------------------------------------------
     0 | D:1      | bpung the Gargoyle Fighter began the quest for the Orb.
     0 | D:1      | Reached XP level 1. HP: 14/14 MP: 1/1
   297 | D:1      | Reached XP level 2. HP: 18/19 MP: 2/2
   652 | D:1      | Found a faded altar of an unknown god.
   990 | D:2      | Reached XP level 3. HP: 9/24 MP: 3/3
  2094 | D:2      | Reached XP level 4. HP: 29/29 MP: 4/4
  2551 | D:3      | Found a sacrificial altar of Ru.
  2667 | D:3      | Found a white marble altar of Elyvilon.
  2720 | D:3      | Noticed Robin
  2742 | D:3      | Slain by a hobgoblin

Illustrated notes

Levels and vault maps discovered:
D:1:      dpeg_arrival_shelter, layout_basic,
          dreamdust_ecumenical_altar_angels_and_demons, serial_forest,
          infiniplex_forest_clump_medium, infiniplex_forest_lined_3_way,
          infiniplex_forest_clump_tiny, infiniplex_forest_clump_diagonal,
          infiniplex_forest_diagonal, infiniplex_forest_side_room,
          infiniplex_forest_3_way, infiniplex_forest_lined_room_2
D:2:      layout_loops_cross
D:3:      layout_rooms, hangedman_ru_absence, elyvilon_altar_3, uniq_robin

Skill      XL: |  1  2  3  4 |
---------------+-------------+-----
Fighting       | 4 |  4.1
Shields        | 4 |  4.1
Armour         | 4 |  4.1
Maces & Flails | |  2.9

Action                   |  1- 3 |  4- 6 || total
-------------------------+-------+-------++-------
Melee: Flail             |   141 |    71 ||   212
Armor: Scale mail        |    42 |       ||    42
       Plate armour      |    48 |    81 ||   129
Dodge: Dodged            |    34 |    18 ||    52
Block: Kite shield       |    79 |    57 ||   136
